 Dungeon Crawl Stone Soup version 0.20.1-1-g8b1a95d (webtiles) character file.

2482 empire the Fighter (level 9, -3/83 HPs)
             Began as a Minotaur Fighter on Oct 20, 2017.
             Was an Initiate of Nemelex Xobeh.
             Slain by an orc warrior
             ... wielding a +0 hand axe
              (17 damage)
             ... on level 7 of the Dungeon.
             The game lasted 00:12:00 (5195 turns).

empire the Fighter (Minotaur Fighter)               Turns: 5195, Time: 00:12:01

Health: -3/83      AC: 11    Str: 22    XL:     9   Next: 27%
Magic:  8/8        EV:  8    Int:  5    God:    Nemelex Xobeh [......]
Gold:   322        SH: 10    Dex: 12    Spells: 8/8 levels left

rFire    . . .     SeeInvis +   a - +0 flail
rCold    + . .     Gourm    .   c - +0 shield
rNeg     . . .     Faith    .   E - +0 scale mail
rPois    .         Spirit   .   (helmet restricted)
rElec    .         Reflect  .   (no cloak)
rCorr    .         Harm     .   (no gloves)
MR       .....                  y - +2 pair of boots {run}
Stlth    ..........             p - amulet of regeneration
Regen    0.7/turn               q - ring of see invisible
MPRegen  0.2/turn               B - ring of protection from cold

@: marked, quick
A: retaliatory headbutt, horns 2
a: Renounce Religion


You were on level 7 of the Dungeon.
You worshipped Nemelex Xobeh.
Nemelex Xobeh was noncommittal.
You were hungry.

You visited 2 branches of the dungeon, and saw 8 of its levels.

You collected 322 gold pieces.

Inventory:

Hand Weapons
 a - a +0 flail (weapon)
 b - a +4 battleaxe
 d - the +6 short sword of Callousness {flame, rF+ Str+3, unknown}
   (You found it on level 6 of the Dungeon)

   It has been specially enchanted to burn those struck by it, causing extra
   injury to most foes and up to half again as much damage against particularly
   susceptible opponents.
   It affects your strength (+3).
   It protects you from fire.
Armour
 c - a +0 shield (worn)
 y - a +2 pair of boots of running (worn)
 E - a +0 scale mail (worn)
Jewellery
 p - an amulet of regeneration (around neck)
 q - a ring of see invisible (left hand)
 B - a ring of protection from cold (right hand)
 H - an uncursed ring of stealth
Wands
 u - a wand of flame (28/48)
 w - a wand of paralysis (13/24)
Scrolls
 i - 4 scrolls of enchant weapon
 k - 4 scrolls of remove curse
 m - 3 scrolls of teleportation
 n - a scroll of fear {unknown}
 r - a scroll of amnesia {unknown}
 s - a scroll of recharging {unknown}
 A - a scroll of blinking {unknown}
 C - a scroll of immolation {unknown}
 D - a scroll of enchant armour {unknown}
Potions
 j - 6 potions of curing
 l - 6 potions of lignification
 o - a potion of mutation
 v - 3 potions of flight
 x - a potion of might
Miscellaneous
 F - a plain deck of summoning
Comestibles
 f - 2 bread rations
 g - 3 meat rations
 h - 3 chunks of flesh
 t - 6 fruits
 z - a royal jelly


   Skills:
 - Level 9.0 Fighting
 - Level 9.0 Maces & Flails
 + Level 8.5 Armour
 + Level 6.2 Shields


You had 8 spell levels left.
You didn't know any spells.

Dungeon Overview and Level Annotations

Branches:
Dungeon (7/15)             Temple (1/1) D:6

Altars:
Ashenzari
Dithmenos
Elyvilon
Fedhas
Gozag
Kikubaaqudgha
Nemelex Xobeh
Okawaru
Qazlal
Ru
Sif Muna
Trog
Uskayaw
Vehumet
Xom
Zin
The Shining One


Innate Abilities, Weirdness & Mutations

You reflexively headbutt those who attack you in melee.
You have a pair of horns on your head.


Message History

The orc priest invokes the aid of Beogh against you.
Beogh smites you!
The orc hits you from afar with a trident.
The orc warrior hits you with a hand axe!
An orc comes into view. It is wielding a hand axe.
The orc priest calls down the wrath of Beogh upon you.
Beogh smites you!
The orc warrior hits you with a hand axe!
* * * LOW HITPOINT WARNING * * *
The orc wizard casts a spell.
The orc wizard seems to speed up.
You hit the orc warrior but do no damage.
The orc warrior is severely wounded.
The orc warrior hits you with a hand axe!
* * * LOW HITPOINT WARNING * * *
You hit the orc warrior but do no damage.
The orc warrior is severely wounded.
The orc warrior hits you with a hand axe!
You die...
Your body disappears without a glow.

# ...
######...##
#o֠Yo...>.
#F#....o...
#o#ooF.....
#o#........
#@#####...#
#.# ..o.
#.# ..#
#####.# ##
#<....#
#######


You could see an orc warrior, a bullfrog, an orc wizard and an orc.

Vanquished Creatures
  The ghost of BlackAsterisk the Skirmisher, a novice HOFi of Hepliaklqana (D:6)
  Grinder (D:5)
  Sigmund (D:3)
  The ghost of Irenicus the Ruffian, an amateur DDTm (D:4)
  2 ice beasts
  An ogre (D:6)
  A centaur (D:5)
  A bullfrog (D:6)
  A scorpion (D:5)
  8 wights (D:6)
  An electric eel (D:6)
  2 howler monkeys
  3 crimson imps
  A bullfrog zombie (D:6)
  A quasit (D:5)
  3 hounds
  3 orc priests
  Ijyb (D:5)
  Jessica (D:2)
  3 iguanas
  2 orc wizards
  2 worker ants
  Robin (D:2)
  A worker ant zombie (D:5)
  A howler monkey skeleton (D:6)
  4 adders
  2 adder zombies (D:6)
  An ooze (D:6)
  5 worms
  A dart slug (D:1)
  5 leopard geckos
  21 orcs
  6 bats
  3 giant cockroaches
  18 goblins
  13 hobgoblins
  7 jackals (D:3)
  5 kobolds
  4 quokkas
  2 ball pythons
  4 frilled lizards
  A quokka zombie (D:6)
  7 rats
  A plant (D:5)
154 creatures vanquished.

Notes
Turn   | Place    | Note
-------+----------+-------------------------------------------
     0 | D:1      | empire the Minotaur Fighter began the quest for the Orb.
     0 | D:1      | Reached XP level 1. HP: 19/19 MP: 0/0
    66 | D:1      | Reached XP level 2. HP: 26/26 MP: 1/1
   436 | D:2      | Reached XP level 3. HP: 27/31 MP: 2/2
   501 | D:2      | Noticed Jessica
   506 | D:2      | Killed Jessica
   506 | D:2      | Reached skill level 5 in Maces & Flails
   526 | D:2      | Noticed Robin
   544 | D:2      | Killed Robin
   544 | D:2      | Reached XP level 4. HP: 21/39 MP: 3/3
  1469 | D:3      | Found a white marble altar of Elyvilon.
  1471 | D:3      | Found a shimmering altar of Xom.
  1472 | D:3      | Found a sacrificial altar of Ru.
  1472 | D:3      | Found a hide-covered altar of Uskayaw.
  1476 | D:3      | Found a radiant altar of Vehumet.
  1892 | D:3      | Noticed Sigmund
  1908 | D:3      | Killed Sigmund
  1908 | D:3      | Reached skill level 5 in Fighting
  1908 | D:3      | Reached XP level 5. HP: 20/50 MP: 4/4
  1908 | D:3      | Reached XP level 6. HP: 22/57 MP: 5/5
  2055 | D:3      | Noticed an ice beast
  2065 | D:3      | Killed an ice beast
  2625 | D:4      | Identified a +2 pair of boots of running (You found it on level 4 of the Dungeon)
  2704 | D:4      | Reached XP level 7. HP: 67/67 MP: 6/6
  2799 | D:4      | Noticed Irenicus's ghost (amateur DDTm)
  2812 | D:4      | Killed Irenicus's ghost
  3129 | D:5      | Entered Level 5 of the Dungeon
  3180 | D:5      | Found an opulent altar of Gozag.
  3424 | D:5      | Noticed Ijyb
  3431 | D:5      | Reached XP level 8. HP: 72/78 MP: 7/7
  3431 | D:5      | Paralysed by Ijyb for 4 turns
  3439 | D:5      | Paralysed by Ijyb for 4 turns
  3444 | D:5      | Killed Ijyb
  3485 | D:5      | Noticed Grinder
  3491 | D:5      | Killed Grinder
  3896 | D:6      | Found a staircase to the Ecumenical Temple.
  3904 | D:6      | Reached skill level 5 in Armour
  3933 | D:6      | Found a stormy altar of Qazlal.
  3947 | Temple   | Entered the Ecumenical Temple
  4287 | Temple   | Became a worshipper of Nemelex Xobeh the Trickster
  4392 | D:6      | Noticed an air elemental
  4405 | D:6      | Received a gift from Nemelex Xobeh
  4457 | D:6      | Found an iron altar of Okawaru.
  4578 | D:6      | Reached XP level 9. HP: 35/83 MP: 8/8
  5046 | D:6      | Noticed BlackAsterisk's ghost (novice HOFi)
  5065 | D:6      | Killed BlackAsterisk's ghost
  5122 | D:6      | Got a slimy short sword
  5195 | D:7      | Slain by an orc warrior

Skill      XL: |  1  2  3  4  5  6  7  8  9 |
---------------+----------------------------+-----
Maces & Flails | 3 4 5 6 7 9 |  9.0
Fighting       | 5 7 9 |  9.0
Armour         | 8 |  8.5
Shields        | 6 |  6.2

Action                   |  1- 3 |  4- 6 |  7- 9 || total
-------------------------+-------+-------+-------++-------
Melee: Flail             |    55 |   137 |   291 ||   483
       Headbutt          |    12 |    32 |    55 ||    99
  Use: Potion            |     1 |     1 |       ||     2
       Scroll            |       |       |    12 ||    12
  Eat: Chunk             |       |     6 |     7 ||    13
Armor: Scale mail        |    32 |    57 |    99 ||   188
Dodge: Dodged            |    16 |    33 |    58 ||   107
Block: Shield            |    39 |    70 |   117 ||   226
